Map: Nightshade LE

Players

antagomiR - Winner!

  • Race: Protoss Protoss
  • League: Gold
  • Spawn Location: 11:00

illuminati

  • Race: Protoss Protoss
  • League: Silver
  • Spawn Location: 5:00

VOD

Have the link to the VOD?

Description

Time

  • Played on: April 18, 2020, 4:08 p.m.
  • Length: 8:18
Show
View Real Time Build Order
Export as new Build Order

antagomiR Protoss - Winner!

Build Orders:  

Get SALT Encoding   

  12  0:00  Probe  
  13  0:13  Probe  
  14  0:18  Pylon  
  14  0:25  Probe  
  15  0:38  Gateway  
  15  0:41  Probe (Chrono Boost)  
  16  0:53  Probe (Chrono Boost), Assimilator  
  17  0:59  Probe (Chrono Boost)  
  18  1:07  Probe  
  18  1:09  Assimilator  
  19  1:19  Probe  
  20  1:32  Cybernetics Core  
  20  1:37  Pylon  
  20  1:42  Probe  
  21  1:54  Probe  
  22  2:06  Probe  
  22  2:07  Warp Gate (Chrono Boost)  
  23  2:10  Robotics Facility  
  23  2:17  Adept (Chrono Boost)  
  23  2:19  Probe  
  26  2:33  Nexus  
  26  2:36  Probe  
  27  2:44  Pylon  
  27  2:50  Stalker  
  29  2:55  Probe  
  30  3:00  Observer  
  31  3:15  Probe  
  32  3:21  Gateway, Observer  
  32  3:22  Gateway  
  33  3:27  Probe  
  33  3:30  Stalker  
  36  3:39  Probe  
  37  3:45  Probe  
  38  3:51  Probe  
  39  3:58  Probe  
  40  4:03  Probe  
  40  4:09  Immortal (Chrono Boost)  
  41  4:10  Probe  
  41  4:15  Probe  
  47  4:22  Probe  
  48  4:24  Sentry x3  
  54  4:42  Pylon  
  54  4:50  Pylon  
  54  5:00  Probe x2  
  54  5:03  Observer  
  54  5:05  Stalker x2  
  60  5:12  Probe x2  
  62  5:19  Stalker  
  64  5:24  Probe  
  64  5:25  Probe  
  66  5:36  Probe  
  66  5:37  Probe  
  66  5:39  Stalker  
  70  5:47  Pylon  
  70  5:54  Stargate  
  70  5:55  Stargate  
  70  6:05  Probe x2  
  70  6:09  Pylon  
  70  6:10  Stargate  
  72  6:13  Pylon  
  70  6:41  Stalker  
  70  6:42  Stalker  
  74  7:07  Stalker x3  
  68  7:31  Stalker x2  
  68  7:32  Stalker  
  70  7:57  Stalker  
  70  7:58  Stalker x2  
  76  8:01  Nexus  
  76  8:04  Pylon  
  76  8:07  Pylon  
  76  8:09  Pylon  
Show
View Real Time Build Order
Export as new Build Order

illuminati Protoss 

Build Orders: Carrier Rush 

Get SALT Encoding   

  12  0:12  Pylon  
  13  0:21  Probe (Chrono Boost)  
  13  0:31  Probe (Chrono Boost), Gateway  
  14  0:36  Probe (Chrono Boost)  
  15  0:45  Assimilator  
  15  0:47  Probe  
  16  1:02  Probe (Chrono Boost)  
  17  1:12  Assimilator  
  17  1:13  Probe (Chrono Boost)  
  17  1:18  Probe (Chrono Boost)  
  19  1:31  Gateway  
  19  1:35  Cybernetics Core  
  19  1:41  Pylon  
  19  1:53  Probe  
  20  2:05  Probe  
  21  2:12  Stargate  
  21  2:18  Probe (Chrono Boost)  
  23  2:30  Probe (Chrono Boost)  
  23  2:36  Probe (Chrono Boost)  
  24  2:45  Nexus  
  24  2:56  Fleet Beacon  
  24  3:03  Pylon  
  24  3:10  Cybernetics Core  
  24  3:39  Carrier (Chrono Boost)  
  24  3:41  Protoss Air Weapons Level 1  
  30  3:58  Probe (Chrono Boost)  
  31  4:08  Probe (Chrono Boost)  
  31  4:09  Probe (Chrono Boost)  
  33  4:12  Probe (Chrono Boost)  
  34  4:17  Probe  
  34  4:20  Robotics Facility  
  35  4:24  Probe  
  36  4:36  Probe  
  37  4:41  Protoss Air Armor Level 1  
  37  4:46  Probe  
  37  4:50  Probe  
  39  4:58  Probe, Assimilator  
  40  5:02  Probe  
  41  5:09  Observer  
  41  5:10  Probe  
  43  5:14  Probe  
  44  5:27  Probe  
  45  5:39  Probe  
  46  5:46  Mothership (Chrono Boost)  
  54  5:55  Pylon  
  54  5:58  Pylon  
  54  6:13  Probe  
  55  6:29  Probe (Chrono Boost)  
  36  7:26  Probe  
Tags
 
Matchup
PvP
Replay Pack
20200422
Spawn Locations
Cross Positions
Strategy
Carrier Rush
Add a new tag
Caveats
  • Supply blocks, unpowered buildings, or Contaminate may cause inaccurate times.
  • Supply counts are checked every 10 seconds.